 Dungeon Crawl Stone Soup version 0.29-a0-504-gec6baf379c (webtiles) character file.

Game seed: 3525884660224239121

102 Bruhh the Skirmisher (level 4, -1/38 HPs)
             Began as a Barachi Fighter on May 28, 2022.
             Slain by Sigmund
             ... wielding a +1 scythe of protection
              (11 damage)
             ... on level 2 of the Dungeon.
             The game lasted 00:01:45 (1972 turns).

Bruhh the Skirmisher (Barachi Fighter)              Turns: 1972, Time: 00:01:45

Health: -1/38      AC:  0    Str: 20    XL:     4   Next: 77%
Magic:  4/4        EV: 13    Int:  8    God:
Gold:   126        SH:  0    Dex: 11    Spells: 3/3 levels left

rFire   . . .      SeeInvis .   (weapon currently unavailable)
rCold   . . .      Faith    .   (shield currently unavailable)
rNeg    . . .      Spirit   .   (body armour currently unavailable)
rPois   .          Reflect  .   (helmet currently unavailable)
rElec   .          Harm     .   (cloak currently unavailable)
rCorr   .          Rampage  .   (gloves currently unavailable)
Will    .....                   (boots currently unavailable)
Stlth   +.........              (no amulet)
HPRegen 0.12/turn               (ring currently unavailable)
MPRegen 0.09/turn               (ring currently unavailable)

@: mighty, pig-form, very quick
A: fast, no casting, (amphibious), small, (slowness 1), (strong legs 1), +LOS
a: no special abilities


You were on level 2 of the Dungeon.
You were a filthy swine.
You visited 1 branch of the dungeon, and saw 3 of its levels.

You collected 126 gold pieces.

Inventory:

Hand Weapons
 a - a +0 war axe (melded)
Armour
 b - a +0 scale mail (melded)
 c - a +0 buckler (melded)
Jewellery
 l - a ring of ice
Scrolls
 e - a scroll of teleportation {unknown}
 f - 2 scrolls of identify {unknown}
 g - a scroll of fear {unknown}
 m - a scroll of enchant weapon {unknown}
 n - 2 scrolls of magic mapping {unknown}
Potions
 h - a potion of attraction {unknown}
 i - 2 potions of degeneration {unknown}
 j - a potion of curing {unknown}
 k - a potion of invisibility {unknown}


   Skills:
 + Level 4.7 Fighting
 * Level 4.5 Axes
 - Level 3.6 Armour
 - Level 3.2 Shields


You had 3 spell levels left.
You didn't know any spells.
Your spell library contained the following spells:

 Spells                   Type           Power      Damage    Failure   Level
 Portal Projectile        Hex/Tloc       0%         N/A       78%         3
 Tukima's Dance           Hex            0%         N/A       78%         3
 Blade Hands              Tmut           0%         N/A       100%        5


Dungeon Overview and Level Annotations

Branches:
Dungeon (3/15)

Altars:

Annotations:
D:2 Sigmund


Innate Abilities, Weirdness & Mutations

You are a filthy swine.
You move quickly.
Your equipment is almost entirely melded.
You are incapable of wielding weapons or throwing items.
You cannot cast spells.
((You are amphibious.))
((You cover ground slowly.))
((You can hop short distances.))
You have an extended range of vision and can be seen from far away.


Message History

You climb upwards.
There is a stone staircase leading down here.
You start resting.
You feel less porcine.
Your +0 war axe unmelds from your body.
Your +0 buckler unmelds from your body.
Your +0 scale mail unmelds from your body.
You start resting.
HP restored.
You start waiting.
Done waiting.
You climb downwards.
Level annotation: Sigmund
There is a stone staircase leading up here.
Sigmund is nearby!
Okay, then.
You feel very mighty all of a sudden.
Sigmund mumbles some strange words.
Sigmund flickers and vanishes!
Deactivating autopickup; reactivate with Ctrl-A.
No target in view!
No target in view!
No target in view!
Something hits you.
There is an escape hatch in the floor here.
You miss something.
You hear some strange, mumbled words.
A puff of flame appears from out of thin air!
The puff of flame hits you!
You hit something. Something hits you but does no damage.
You closely miss something.
You hear a zap.
You turn into a filthy swine.
Your +0 war axe melds into your body.
Your +0 buckler melds into your body.
Your +0 scale mail melds into your body.
You barely miss something. Something hits you!
You bite something! Something hits you!
* * * LOW HITPOINT WARNING * * *
You miss something. Something hits you!
You die...

########.###.##
#.............###
#.##########.....
#.# #..### #># #..#
#.# #..# #.# #{#
#... #....######>#
#####
<.......<.h.###....
................#
####.############ #


There were no monsters in sight!

Vanquished Creatures
  A jelly (D:3)
  Natasha (D:3)
  2 dart slugs (D:1)
  4 endoplasms (D:1)
  3 giant cockroaches (D:1)
  3 goblins
  4 hobgoblins
  6 jackals
  4 quokkas (D:1)
  4 ball pythons
  2 frilled lizards (D:1)
  2 kobolds (D:1)
  2 rats
38 creatures vanquished.

Vanquished Creatures (others)
  4 plants (D:3)
4 creatures vanquished.

Grand Total: 42 creatures vanquished

Notes
Turn   | Place    | Note
-------+----------+-------------------------------------------
     0 | D:1      | Bruhh the Barachi Fighter began the quest for the Orb.
     0 | D:1      | Reached XP level 1. HP: 18/18 MP: 1/1
   299 | D:1      | Reached XP level 2. HP: 25/25 MP: 2/2
   590 | D:1      | Found a faded altar of an unknown god.
   618 | D:1      | Reached XP level 3. HP: 27/30 MP: 3/3
  1263 | D:2      | You fall into a shaft and drop 1 floor!
  1335 | D:3      | Noticed Natasha
  1342 | D:3      | Killed Natasha
  1343 | D:3      | Reached XP level 4. HP: 26/38 MP: 4/4
  1808 | D:2      | Noticed Sigmund
  1972 | D:2      | Slain by Sigmund

Illustrated notes

Levels and vault maps discovered:
D:1:      minmay_arrival_four_circles, layout_loops_ring,
          dreamdust_ecumenical_altar_grove,
          wander_ebering_terrifying_dragon_lair
D:2:      layout_loops_ring, grunt_decor_resistance, uniq_sigmund, uniq_jessica
D:3:      corexii_shack_village, layout_basic, grunt_gozag_statues,
          serial_shops, shop_fountains, kennysheep_minor_cross,
          serial_park_tiny_2, chequers_decorated_corner, uniq_terence,
          uniq_natasha, uniq_robin

Skill      XL: |  1  2  3 |
---------------+----------+-----
Axes           | 3 4 |  4.5
Fighting       | 4 |  4.7
Armour         | |  3.6
Shields        | |  3.2

Action                   |  1- 3 |  4- 6 || total
-------------------------+-------+-------++-------
Melee: War axe           |    77 |    25 ||   102
       Unarmed           |       |     5 ||     5
  Use: Potion            |       |     1 ||     1
Armor: Scale mail        |    46 |     8 ||    54
Dodge: Dodged            |    37 |    15 ||    52
Block: Buckler           |    21 |     5 ||    26

Table legend: (Time is in decaauts)
 A = Elapsed time spent in this place.
 B = Non-inter-level travel time spent in this place.
 C = Inter-level travel time spent in this place.
 D = Time resting spent in this place.
 E = Time spent auto-exploring this place.
 F = Levels seen in this place.
 G = Mean time per level.
                   A        B        C        D        E       F      G
               +--------+--------+--------+--------+--------+-----+--------+
         Total |   2190 |   2165 |     25 |    121 |   1743 |   3 |  730.0 |
       Dungeon |   2190 |   2165 |     25 |    121 |   1743 |   3 |  730.0 |
               +--------+--------+--------+--------+--------+-----+--------+

Top non-repeatable levels by time:
     D:1: 1547 daAuts
     D:3: 575 daAuts
     D:2: 67 daAuts
